 Dungeon Crawl Stone Soup version 0.27.1 (webtiles) character file.

Game seed: 9766340191151554674

9235 robertstho the Thaumaturge (level 11, -9/76 HPs)
             Began as a Djinni Fire Elementalist on Sept 3, 2021.
             Was an Initiate of Gozag.
             Killed by refrigeration
             ... invoked by Fannar
              (25 damage)
             ... on level 10 of the Dungeon.
             The game lasted 00:20:57 (11864 turns).

robertstho the Thaumaturge (DjFE)                  Turns: 11864, Time: 00:20:58

Health: -9/76      AC:  8    Str:  7    XL:     11   Next: 70%
Gold:   386        EV: 17    Int: 19    God:    Gozag SH:  4 Dex: 18

rFire    + + .     SeeInvis .   f - +0 dagger (venom)
rCold    x . .     Faith    .   e - +0 buckler
rNeg     . . .     Spirit   .   r - +1 troll leather armour of the Nine of Wands {Regen+ Dex+3}
rPois    ∞         Reflect  .   n - +0 helmet
rElec    .         Harm     .   j - +1 cloak
rCorr    .         Rampage  .   (no gloves)
Will     +....                  (boots unavailable)
Stlth    +++.......             (no amulet)
HPRegen  1.22/turn              b - +4 ring of evasion
MPRegen  0.00/turn              (no ring)

@: flying, studying Dodging
A: sickness immunity, fire resistance 2, cold vulnerability 1, float, innate
caster, hp casting, extra vitality 1
a: Renounce Religion, Potion Petition, Call Merchant, Bribe Branch


You were on level 10 of the Dungeon.
You worshipped Gozag.
Gozag was aware of your devotion.
You visited 2 branches of the dungeon, and saw 11 of its levels.

You collected 1858 gold pieces.
You spent 640 gold pieces at shops.
You paid 832 gold pieces to Gozag.

Inventory:

Hand Weapons
 f - a +0 dagger of venom (weapon)
Missiles
 a - 2 throwing nets
Armour
 e - a +0 buckler (worn)
 j - a +1 cloak (worn)
 n - a +0 helmet (worn)
 r - the +1 troll leather armour of the Nine of Wands (worn) {Regen+ Dex+3}
   (You bought it in a shop on level 8 of the Dungeon)

   Dex:       It affects your dexterity (+3).
   Regen:     It increases your rate of health regeneration.
Jewellery
 b - a +4 ring of evasion (left hand)
Wands
 g - a wand of polymorph (5)
 k - a wand of digging (9)
 l - a wand of flame (33)
 m - a wand of acid (7)
Scrolls
 d - a scroll of immolation
 h - 4 scrolls of enchant weapon
 o - a scroll of magic mapping
 t - a scroll of brand weapon
 v - a scroll of fear {unknown}
Potions
 c - a potion of might {unknown}
 i - a potion of resistance {unknown}
 p - 2 potions of haste {unknown}
 q - a potion of heal wounds
 s - a potion of curing {unknown}
 u - a potion of degeneration {unknown}


   Skills:
 * Level 5.4 Fighting
 + Level 1.1 Short Blades
 + Level 0.3 Armour
 + Level 4.3 Dodging
 + Level 4.0 Stealth
 + Level 1.5 Shields
 * Level 12.0 Spellcasting
 + Level 0.3 Evocations


You had 4 spell levels left.
You knew the following spells:

 Your Spells              Type           Power      Damage    Failure   Level
a - Foxfire               Conj/Fire      100%       2x1d9     1%          1
b - Conjure Flame         Conj/Fire      55%        6-21      1%          3
c - Inner Flame           Hex/Fire       55%        N/A       1%          3
d - Sticky Flame          Conj/Fire      55%        2d7       1%          4
e - Fireball              Conj/Fire      27%        3d12      2%          5
f - Beastly Appendage     Tmut           100%       N/A       1%          1
g - Call Imp              Summ           55%        N/A       1%          2
h - Stone Arrow           Conj/Erth      100%       3d13      1%          3
i - Swiftness             Air            55%        N/A       1%          3
j - Freezing Cloud        Conj/Ice/Air   27%        6-21      2%          5
Your spell library was empty.

Dungeon Overview and Level Annotations

Branches:
Dungeon (10/15)            Temple (1/1) D:6            Lair (0/6) D:8
    Orc (0/2) D:10

Altars:
Ashenzari
Cheibriados
Dithmenos
Elyvilon
Fedhas
Gozag
Hepliaklqana
Kikubaaqudgha
Nemelex Xobeh
Okawaru
Qazlal
Ru
Sif Muna
Trog
Uskayaw
Vehumet
Wu Jian
Xom
Yredelemnul
Zin
The Shining One
Lugonu

Shops:
D:2 ?   D:5 (   D:8 [   D:9 *

Annotations:
D:5 Weapon shop
D:8 Armour shop
D:10 Fannar


Innate Abilities, Weirdness & Mutations

You are immune to sickness and miasma.
You are immune to poison.
Your flesh is very heat resistant. (rF++)
You are vulnerable to cold. (rC-)
You float through the air rather than walking.
You learn spells naturally, not from books.
Your magical power is your life essence.
You have superior vitality. (+4 HP)


Message History

v - a scroll labelled POERIR DEWO You reach down and open the door.
Found a stone staircase leading down.
Fannar the Cold-Hearted comes into view.
They are wielding a +0 quarterstaff of freezing and wearing a +2 robe of cold resistance.
Fannar is nearby!
Fannar is nearby!
Fannar is nearby!
Fannar is nearby!
Casting: Fireball (dangerous; 2% risk of failure)
Confirm with . or Enter, or press ? or * to list all spells.
Aiming: Fireball (dangerous; 2% risk of failure)
Press: ? - help, Shift-Dir - straight line The fireball explodes!
The fireball engulfs Fannar!!
Fannar is burned terribly!
Fannar is moderately wounded.
Fannar shouts!
Unknown command.
Casting: Fireball (dangerous; 2% risk of failure)
Confirm with . or Enter, or press ? or * to list all spells.
Aiming: Fireball (dangerous; 2% risk of failure)
Press: ? - help, Shift-Dir - straight line, f - Fannar
Aim: Fannar, wielding a +0 quarterstaff of freezing, wearing a +2 robe of cold resistance and wearing a ring of ice (moderately wounded)
The fireball explodes!
The fireball engulfs Fannar!!
Fannar is burned terribly!
Fannar is severely wounded.
Fannar casts a spell at you. The bolt of cold hits you!!!
You feel a terrible chill!
Ouch! That really hurt!
* * * LOW HITPOINT WARNING * * *
Casting: Fireball (dangerous; 2% risk of failure)
Confirm with . or Enter, or press ? or * to list all spells.
Aiming: Fireball (dangerous; 2% risk of failure)
Press: ? - help, Shift-Dir - straight line, f/p - Fannar
Aim: Fannar, wielding a +0 quarterstaff of freezing, wearing a +2 robe of cold resistance and wearing a ring of ice (severely wounded)
The fireball explodes!
The fireball engulfs Fannar!!
Fannar is burned terribly!
Fannar is almost dead.
* * * LOW HITPOINT WARNING * * *
Fannar mumbles some strange words.
Fannar drains the heat from the surrounding environment!
You feel a terrible chill!
You die...
Your body crumbles into a pile of gold.

.# #.###t≈≈≈≈≈≈≈≈##.##......#....
.# #...###########..##.#######'#.
.#####.............###.#≈# #..#.
.......##############..#≈# ####.
###....#t≈≈≈≈≈≈≈≈####..#≈####....
# #.##############.....#≈≈≈≈#####
# #.# #.....###### ###.#
#########........... ....#
..e....@..........#.. #####
.##..........########
##......#### ########


You could see Fannar.

Vanquished Creatures
  Harold (D:8)
  A two-headed ogre (D:10)
  Pikel (D:8)
  Maurice (D:8)
  2 centaur zombies (D:10)
  Joseph (D:10)
  Maggie (D:8)
  An unseen horror (D:10)
  Psyche (D:8)
  Prince Ribbit (D:5)
  A troll (D:7)
  Sigmund (D:3)
  A wraith (D:10)
  A vampire (D:10)
  2 shadows
  4 yaks (D:10)
  2 steam dragons
  2 wargs (D:8)
  An ice beast (D:7)
  A black bear (D:5)
  A sky beast (D:5)
  6 orc warriors
  A necrophage (D:4)
  2 ogres
  2 phantoms
  2 centaurs (D:9)
  3 bullfrogs
  2 kobold brigands
  3 scorpions
  A water moccasin zombie (D:4)
  3 killer bees (D:9)
  4 wights (D:9)
  4 hounds
  2 jellies
  2 bullfrog skeletons
  A centaur skeleton (D:4)
  8 orc priests
  12 orc wizards
  2 hound skeletons
  Robin (D:4)
  8 adders
  3 gnolls (D:3)
  2 howler monkey skeletons (D:5)
  2 white imps (D:6)
  An ufetubus (D:5)
  An adder skeleton (D:4)
  2 worms (D:3)
  3 dart slugs
  39 orcs
  6 bats
  8 endoplasms
  2 giant cockroaches
  5 hobgoblins
  2 jackals (D:1)
  A quokka (D:1)
  7 ball pythons
  2 frilled lizards
  17 goblins
  16 kobolds
  6 rats
222 creatures vanquished.

Vanquished Creatures (collateral kills)
  4 foxfires (D:3)
4 creatures vanquished.

Vanquished Creatures (others)
  An orc wizard (D:8)
  A goblin (D:4)
  736 foxfires
  2 fungi (D:3)
  13 plants
753 creatures vanquished.

Grand Total: 979 creatures vanquished

Notes
Turn   | Place    | Note
-------+----------+-------------------------------------------
     0 | D:1      | robertstho the Djinni Fire Elementalist began the quest for
                  | the Orb.
     0 | D:1      | Reached XP level 1. HP: 15/15 MP: 0/0
   462 | D:1      | Reached XP level 2. HP: 16/21 MP: 0/0
   779 | D:1      | Reached skill level 3 in Spellcasting
  1112 | D:1      | Reached XP level 3. HP: 25/26 MP: 0/0
  1112 | D:1      | Learned a level 1 spell: Beastly Appendage
  1903 | D:2      | Found Kygol's Magic Scroll Boutique.
  1942 | D:2      | Bought a scroll of identify for 20 gold pieces
  1942 | D:2      | Bought a scroll of identify for 20 gold pieces
  1998 | D:2      | Reached skill level 1 in Fighting
  1998 | D:2      | Reached XP level 4. HP: 26/32 MP: 0/0
  2521 | D:3      | Noticed Sigmund
  2525 | D:3      | Reached skill level 4 in Spellcasting
  2525 | D:3      | Reached XP level 5. HP: 24/37 MP: 0/0
  2525 | D:3      | Learned a level 2 spell: Call Imp
  2531 | D:3      | Killed Sigmund
  2532 | D:3      | Reached XP level 6. HP: 6/43 MP: 0/0
  2815 | D:3      | Found a faded altar of an unknown god.
  3294 | D:3      | Reached skill level 5 in Spellcasting
  3510 | D:4      | Found a basalt altar of Yredelemnul.
  3570 | D:4      | Reached XP level 7. HP: 41/48 MP: 0/0
  3570 | D:4      | Learned a level 3 spell: Stone Arrow
  3952 | D:4      | Noticed Robin
  3966 | D:4      | Killed Robin
  4470 | D:4      | Noticed a steam dragon
  4482 | D:4      | Killed a steam dragon
  4483 | D:4      | Reached skill level 6 in Spellcasting
  4483 | D:4      | Reached XP level 8. HP: 34/54 MP: 0/0
  4873 | D:4      | Found a stormy altar of Qazlal.
  4951 | D:5      | Entered Level 5 of the Dungeon
  5069 | D:5      | Noticed Prince Ribbit
  5080 | D:5      | Killed Prince Ribbit
  5081 | D:5      | Reached skill level 7 in Spellcasting
  5204 | D:5      | Found a glowing silver altar of Zin.
  5204 | D:5      | Found a glowing golden altar of the Shining One.
  5204 | D:5      | Found a white marble altar of Elyvilon.
  5520 | D:5      | Reached XP level 9. HP: 53/60 MP: 0/0
  5520 | D:5      | Learned a level 3 spell: Swiftness
  5672 | D:5      | Found Lairydi's Hydra Hut.
  5672 | D:5      | Noticed a five-headed hydra
  5883 | D:6      | Found a staircase to the Ecumenical Temple.
  5891 | D:6      | Reached skill level 8 in Spellcasting
  5895 | Temple   | Entered the Ecumenical Temple
  6171 | D:6      | Found an opulent altar of Gozag.
  6279 | D:6      | Became a worshipper of Gozag Ym Sagoz the Greedy
  7150 | D:7      | Noticed a troll
  7156 | D:7      | Killed a troll
  7495 | D:7      | Reached skill level 9 in Spellcasting
  7935 | D:8      | Reached XP level 10. HP: 62/67 MP: 0/0
  7938 | D:8      | Reached skill level 1 in Short Blades
  8004 | D:8      | Noticed Maggie
  8018 | D:8      | Killed Maggie
  8039 | D:8      | Identified 2 scrolls of acquirement
  8043 | D:8      | Acquired a manual of Dodging
  8188 | D:8      | Acquired 472 gold pieces
  8207 | D:8      | Noticed Pikel
  8216 | D:8      | Killed Pikel
  8217 | D:8      | Reached skill level 10 in Spellcasting
  8335 | D:8      | Noticed Psyche
  8336 | D:8      | Paralysed by Psyche for 4 turns
  8347 | D:8      | Killed Psyche
  8424 | D:8      | Found a staircase to the Lair.
  8800 | D:8      | Found a sparkling altar of Nemelex Xobeh.
  8800 | D:8      | Noticed Harold
  8808 | D:8      | HP: 1/69 [Harold (14)]
  9072 | D:8      | Killed Harold
  9478 | D:8      | Noticed Maurice
  9481 | D:8      | Killed Maurice
  9648 | D:9      | Reached skill level 5 in Fighting
  9930 | D:9      | Reached XP level 11. HP: 41/75 MP: 0/0
  9930 | D:9      | Learned a level 5 spell: Freezing Cloud
 10157 | D:9      | Found Loptoi's Assorted Antiques.
 10168 | D:9      | Reached skill level 1 in Shields
 10173 | D:9      | Reached skill level 11 in Spellcasting
 10527 | D:9      | Found an ornate altar of the Wu Jian Council.
 10792 | D:9      | Found a sacrificial altar of Ru.
 10912 | D:8      | Bought a fine troll leather armour for 600 gold pieces
 10912 | D:8      | Identified the +1 troll leather armour of the Nine of Wands
                  | {Regen+ Dex+3} (You bought it in a shop on level 8 of the
                  | Dungeon)
 10969 | D:10     | Entered Level 10 of the Dungeon
 10991 | D:10     | Noticed Joseph
 10996 | D:10     | Killed Joseph
 11177 | D:10     | Noticed a sea snake
 11210 | D:10     | Noticed a sea snake
 11312 | D:10     | Noticed a two-headed ogre
 11315 | D:10     | Killed a two-headed ogre
 11557 | D:10     | Reached skill level 12 in Spellcasting
 11706 | D:10     | Found a staircase to the Orcish Mines.
 11860 | D:10     | Noticed Fannar
 11864 | D:10     | Killed from afar by Fannar

Illustrated notes

Levels and vault maps discovered:
D:1:      dpeg_arrival_arbitrary_b, layout_basic, serial_bayou_crossing
D:2:      layout_rooms, serial_shops,
          nicolae_shop_temple_entry_statues_fountains,
          hangedman_abyss_or_decor_stabs
D:3:      layout_basic, demons_altar, shapermc_ecumenical_altar_mp_ritualfount,
          uniq_sigmund
D:4:      cheibrodos_barr_body, layout_loops_ring,
          nicolae_qazlal_eye_of_the_storm, amcnicky_altar_gilded, uniq_robin
D:5:      layout_basic, good_gods_mini_temple, doesnt_shop_hydraphobe,
          uniq_prince_ribbit1
D:6:      layout_loops_ring, nicolae_gozag_seed_capital,
          minmay_temple_entry_drinking_statues
D:7:      layout_basic
D:8:      layout_basic, grunt_temple_overflow_magic_moments,
          nemelex_diamond_rough_becter, erik_lair_orcish_takeover, uniq_maggie,
          uniq_psyche, uniq_maurice, uniq_pikel, uniq_harold
D:9:      layout_cave_pools, nicolae_ru_the_path_less_chosen,
          nzn_wu_jian_contemplation, serial_shops, kennysheep_little_box
D:10:     layout_basic, david_orc_3, serial_aquarium, aquarium_bridge_straight
          [aquarium_subvault_bridge, aquarium_subvault_balcony,
          aquarium_subvault_bridge, aquarium_subvault_wall],
          aquarium_bridge_straight [aquarium_subvault_bridge,
          aquarium_subvault_wall, aquarium_subvault_bridge,
          aquarium_subvault_balcony], aquarium_window_2, aquarium_window_1,
          aquarium_window_corner, aquarium_window_corner, aquarium_view_2b,
          aquarium_view_4, aquarium_pool_S, glass_columns_a,
          minmay_misc_feat_square, uniq_fannar, uniq_joseph
Temple:   corrupted_temple

Skill      XL: |  1  2  3  4  5  6  7  8  9 10 11 |
---------------+----------------------------------+-----
Spellcasting   | 3 4 5 6 7 9 10 12 | 12.0
Fighting       | 1 2 3 4 5 |  5.4
Stealth        | 2 3 4 |  4.0
Dodging        | 3 4 |  4.3
Short Blades   | 1 |  1.1
Shields        | 1 |  1.5
Armour         | |  0.3
Evocations     | |  0.3

Action                   |  1- 3 |  4- 6 |  7- 9 | 10-12 || total
-------------------------+-------+-------+-------+-------++-------
Melee: Dagger            |     3 |       |    21 |     7 ||    31
       Headbutt          |       |       |     1 |       ||     1
 Cast: Foxfire           |    82 |    93 |   236 |    49 ||   460
       Sticky Flame      |       |       |    14 |    13 ||    27
       Stone Arrow       |       |       |     2 |    10 ||    12
       Beastly Appendage |       |       |     1 |       ||     1
       Fireball          |       |       |       |    87 ||    87
       Call Imp          |       |       |       |     4 ||     4
       Freezing Cloud    |       |       |       |     1 ||     1
Invok: Call Merchant     |       |       |       |     1 ||     1
Evoke: Wand              |       |       |       |     4 ||     4
  Use: Potion            |       |       |     2 |     3 ||     5
       Scroll            |       |       |       |    15 ||    15
Armor: Animal skin       |       |       |     9 |     1 ||    10
       Troll leather arm |       |       |       |     2 ||     2
       Steam dragon scal |       |       |       |     1 ||     1
Dodge: Dodged            |    14 |     5 |    34 |    24 ||    77
Block: Buckler           |     3 |     1 |     5 |     5 ||    14
